 Dungeon Crawl Stone Soup version 0.23.2-1-ga50397a (webtiles) character file.

Game seed: 10050718382920759705

250 pTCGFNYNwU3Fd6TS the Skirmisher (level 5, 0/48 HPs)
             Began as a Draconian Berserker on May 31, 2019.
             Was a Priest of Trog.
             Succumbed to a scorpion's poison
             ... on level 3 of the Dungeon.
             The game lasted 00:15:09 (2830 turns).

pTCGFNYNwU3Fd6TS the Skirmisher (DrBe)              Turns: 2830, Time: 00:15:10

Health: 0/48       AC:  5    Str: 20    XL:     5   Next: 88%
Magic:  5/5        EV: 13    Int:  7    God:    Trog [***...]
Gold:   103        SH:  0    Dex: 11    Spells: 4/4 levels left

rFire    . . .     SeeInvis +   a - +0 mace
rCold    . . .     Gourm    +   (no shield)
rNeg     . . .     Faith    .   (armour unavailable)
rPois    .         Spirit   .   (helmet restricted)
rElec    .         Reflect  .   (no cloak)
rCorr    .         Harm     .   (no gloves)
MR       .....                  (no boots)
Stlth    +.........             s - amulet of the gourmand
HPRegen  0.16/turn              v - ring of see invisible
MPRegen  0.09/turn              (no ring)

@: lethally poisoned (0 -> -20)
A: unfitting armour, cold-blooded, AC +5
a: Berserk, Trog's Hand, Renounce Religion


You were on level 3 of the Dungeon.
You worshipped Trog.
Trog was most pleased with you.
You were completely stuffed.

You visited 1 branch of the dungeon, and saw 4 of its levels.

You collected 103 gold pieces.

Inventory:

Hand Weapons
 a - a +0 mace (weapon)
 c - a +3 hand axe
 w - a +0 dagger of protection
 A - a +3 short sword of flaming
Missiles
 y - 3 tomahawks of returning (quivered)
Armour
 m - a +0 shield
Jewellery
 s - an amulet of the gourmand (around neck)
 v - a ring of see invisible (left hand)
Wands
 x - a wand of paralysis (9)
Scrolls
 d - 2 scrolls of noise {unknown}
 e - 2 scrolls of identify {unknown}
 g - a scroll of enchant weapon {unknown}
 i - a scroll of teleportation {unknown}
 q - 2 scrolls of random uselessness {unknown}
 r - 2 scrolls of remove curse {unknown}
 t - 2 scrolls of amnesia {unknown}
 u - a scroll of enchant armour {unknown}
 z - a scroll of blinking {unknown}
Potions
 f - 2 potions of curing {unknown}
 h - a potion of lignification {unknown}
 j - a potion of berserk rage {unknown}
 k - a potion of brilliance {unknown}
 l - a potion of mutation {unknown}
 n - 3 potions of cancellation {unknown}
 o - 2 potions of degeneration {unknown}
 p - 2 potions of might {unknown}
Comestibles
 b - 4 rations
 B - 4 chunks of flesh


   Skills:
 * Level 5.3 Fighting
 + Level 4.0 Maces & Flails
 + Level 3.6 Dodging
 + Level 1.9 Shields


You had 4 spell levels left.
You didn't know any spells.
Your spell library was empty.

Dungeon Overview and Level Annotations

Branches:
Dungeon (4/15)
 Temple: D:4-7

Altars:
Dithmenos


Innate Abilities, Weirdness & Mutations

Your plain brown scales are hard. (AC +5)
You cannot fit into any form of body armour.
You are cold-blooded and may be slowed by cold attacks.


Message History

You closely miss the scorpion.
The scorpion is lightly wounded.
You feel sick. The scorpion barely misses you.
You closely miss the scorpion.
Your tail-slap misses the scorpion.
The scorpion is lightly wounded.
You feel sick. The scorpion stings you!
* * * LOW HITPOINT WARNING * * *
The scorpion stings you.
* * * LOW HITPOINT WARNING * * *
You are more poisoned.
The scorpion poisons you!
* * * LOW HITPOINT WARNING * * *
You feel sick.
* * * LOW HITPOINT WARNING * * *
You feel sick.
* * * LOW HITPOINT WARNING * * *
You feel sick.
* * * LOW HITPOINT WARNING * * *
You feel sick.
You die...

#........#.......#
.
#.#####.....####.#
#.# ####### #.#
#.# #.# #.# #.#
#.# #.# #.# #.#
#.# #.# # ..# #@#
.# .## ##.# . .#
#.s# .# .# #.###.#
.# #..#..# .#
##...# ## #####


You could see a scorpion.

Vanquished Creatures
  3 orc wizards (D:3)
  Robin (D:2)
  4 gnolls (D:2)
  3 adders
  An ooze (D:1)
  4 dart slugs
  2 leopard geckos
  6 orcs (D:3)
  A giant cockroach (D:2)
  16 goblins
  11 hobgoblins
  4 kobolds
  3 quokkas
  A ball python (D:2)
  5 bats
  2 frilled lizards
  11 rats
78 creatures vanquished.

Notes
Turn   | Place    | Note
-------+----------+-------------------------------------------
     0 | D:1      | pTCGFNYNwU3Fd6TS the Draconian Berserker began the quest
                  | for the Orb.
     0 | D:1      | Reached XP level 1. HP: 19/19 MP: 1/1
   134 | D:1      | Reached XP level 2. HP: 26/26 MP: 2/2
   808 | D:1      | Reached XP level 3. HP: 30/33 MP: 3/3
  1195 | D:2      | Noticed Robin
  1196 | D:2      | Reached skill level 4 in Fighting
  1200 | D:2      | Reached ** piety under Trog
  1203 | D:2      | Killed Robin
  1363 | D:2      | Reached XP level 4. HP: 30/40 MP: 4/4
  1424 | D:2      | Reached skill level 1 in Shields
  2111 | D:3      | Reached XP level 5. HP: 40/47 MP: 5/5
  2217 | D:3      | Reached skill level 5 in Fighting
  2545 | D:3      | Found a shadowy altar of Dithmenos.
  2633 | D:3      | Reached *** piety under Trog
  2829 | D:3      | HP: 1/48 [poisoned by a scorpion]
  2830 | D:3      | Succumbed to a scorpion's poison

Skill      XL: |  1  2  3  4  5 |
---------------+----------------+-----
Dodging        | 3 |  3.6
Fighting       | 4 5 |  5.3
Shields        | 1 |  1.9
Maces & Flails | 4 |  4.0

Action                   |  1- 3 |  4- 6 || total
-------------------------+-------+-------++-------
Melee: Mace              |    96 |   148 ||   244
       Tailslap          |    10 |    22 ||    32
Invok: Berserk           |     1 |     1 ||     2
 Stab: Sleeping          |     1 |     1 ||     2
  Eat: Ration            |     1 |     1 ||     2
       Chunk             |       |    12 ||    12
Armor: Skin              |    29 |    43 ||    72
Dodge: Dodged            |    78 |   115 ||   193
